 Dungeon Crawl Stone Soup version 0.31-a0-846-gb3bcc0d938 (webtiles) character file.

Game seed: 13769078296722800772

1 Nedwor the Ducker (level 1, -1/16 HPs)
             Began as a Demonspawn Gladiator on Oct 4, 2023.
             Succumbed to a goblin's poison
             ... on level 1 of the Dungeon.
             The game lasted 00:00:10 (37 turns).

Nedwor the Ducker (Demonspawn Gladiator)              Turns: 37, Time: 00:00:11

Health: -1/16      AC:  4    Str: 14    XL:     1   Next: 16%
Magic:  1/1        EV: 12    Int:  9    God:
Gold:   18         SH:  0    Dex: 14    Spells: 0/0 levels left

rFire   . . .        a - +0 long sword
rCold   . . .        (no shield)
rNeg    . . .        b - +0 leather armour
rPois   .            c - +0 helmet
rElec   .            (no cloak)
rCorr   .            (no gloves)
SInv    .            (no boots)
Will    .....        (no amulet)
Stlth   +            (no ring)
HPRegen 0.22/turn    (no ring)
MPRegen 0.07/turn

%: no passive effects
@: lethally poisoned (-1 -> -14)
A: no striking features
a: no special abilities


You were on level 1 of the Dungeon.
You visited 1 branch of the dungeon, and saw 1 of its levels.

You collected 18 gold pieces.

Inventory:

Hand Weapons
 a - a +0 long sword (weapon)
Missiles
 d - 3 throwing nets (quivered)
 e - a javelin
Armour
 b - a +0 leather armour (worn)
 c - a +0 helmet (worn)
 f - a +0 pair of gloves


   Skills:
 + Level 2.0 Fighting
 * Level 2.7 Long Blades
 - Level 1.7 Throwing
 + Level 2.7 Dodging


You couldn't memorise any spells.
You didn't know any spells.
Your spell library was empty.

Dungeon Overview and Level Annotations

Branches:
Dungeon (1/15)

Altars:


Message History

The rat bites you but does no damage. The rat closely misses you.
You closely miss the rat. The rat barely misses you.
You hit the rat.
You kill the rat!
No target in view!
No target in view!
No target in view!
No target in view!
No target in view!
No target in view!
No target in view!
No target in view!
No target in view!
No target in view!
You see here a rat corpse.
A dart slug and a goblin come into view.
The goblin is wielding a +0 dagger of venom.
The goblin shouts!
A kobold comes into view. It is wielding a +0 whip.
The dart slug launches a dart at you. The slug dart hits you.
You see here a +0 pair of gloves.
f - a +0 pair of gloves You barely miss the goblin.
The goblin hits you but does no damage.
You are poisoned.
The goblin hits you but does no damage.
You are more poisoned.
You hit the goblin.
The goblin is moderately wounded.
You feel very sick.
The goblin hits you with a +0 dagger of venom.
You are more poisoned.
You closely miss the goblin.
The goblin is moderately wounded.
* * * LOW HITPOINT WARNING * * *
You feel very sick. The goblin misses you.
You hit the goblin.
You kill the goblin!
You die...

#.#.# #.#.# ###.#.#
#.....##### ########
#.....K.... §§≈§≈§###
#.#w#######
§§§≈§≈§≈§###.#K#
§§≈≈#§§§≈§##(#)#
§≈≈§§≈≈≈≈##.#@#######
≈≈≈§≈#§§#..†.......
####≈≈≈≈§##†########
#>.......'..#
#<.......'.##
####§≈≈≈≈###
≈≈≈§≈#≈≈# §§§§§≈§§##
≈§§#≈§≈≈≈#


You could see a dart slug and a kobold.

Vanquished Creatures
  A goblin (D:1)
  A bat (D:1)
  A rat (D:1)
3 creatures vanquished.

Notes
Turn   | Place    | Note
-------+----------+-------------------------------------------
     0 | D:1      | Nedwor the Demonspawn Gladiator began the quest for the
                  | Orb.
     0 | D:1      | Reached XP level 1. HP: 16/16 MP: 1/1
    37 | D:1      | Succumbed to a goblin's poison

Illustrated notes

Levels and vault maps discovered:
D:1:      lightli_molten_gateway, layout_loops_ring

Action                     || total
---------------------------++-------
  Melee: Long sword        ||    10
 Armour: Leather armour    ||     9
  Dodge: Dodged            ||     4

Table legend: (Time is in decaauts)
 A = Elapsed time spent in this place.
 B = Non-inter-level travel time spent in this place.
 C = Inter-level travel time spent in this place.
 D = Time resting spent in this place.
 E = Time spent auto-exploring this place.
 F = Levels seen in this place.
 G = Mean time per level.
                   A        B        C        D        E       F      G
               +--------+--------+--------+--------+--------+-----+--------+
         Total |     39 |     39 |      0 |      0 |     12 |   1 |   39.0 |
       Dungeon |     39 |     39 |      0 |      0 |     12 |   1 |   39.0 |
               +--------+--------+--------+--------+--------+-----+--------+

Top non-repeatable levels by time:
     D:1: 39 daAuts
